 Dungeon Crawl Stone Soup version 0.17.0-28-g6e173f8 (webtiles) character file.

110 Mathinus the Chopper (level 4, -3/41 HPs)
             Began as a Minotaur Berserker on Nov 25, 2015.
             Was a Believer of Trog.
             Slain by an ogre
             ... wielding a +0 giant club
              (9 damage)
             ... on level 3 of the Dungeon.
             The game lasted 00:09:17 (2149 turns).

Mathinus the Chopper (Minotaur Berserker)           Turns: 2149, Time: 00:09:17

Health: -3/41      AC:  6    Str: 22    XL:     4   Next: 61%
Magic:  3/3        EV: 11    Int:  4    God:    Trog [**....]
Gold:   88         SH:  0    Dex: 10    Spells: 0 memorised, 3 levels left

rFire  . . .     SeeInvis .     a - +1 hand axe
rCold  . . .     Clarity  .     i - +0 ring mail
rNeg   . . .     SustAt   .     (no shield)
rPois  .         Gourm    .     (helmet restricted)
rElec  .         Spirit   .     (no cloak)
rCorr  .         Warding  .     (no gloves)
rMut   .         Stasis   .     o - +0 pair of boots
MR     .....                    (no amulet)
Stlth  +.........               (no ring)
                                (no ring)

@: about to teleport, not resistant to hostile enchantments, very unstealthy
A: retaliatory headbutt, horns 2
a: Berserk, Trog's Hand, Burn Spellbooks, Renounce Religion


You were on level 3 of the Dungeon.
You worshipped Trog.
Trog was pleased with you.
You were hungry.

You visited 1 branch of the dungeon, and saw 4 of its levels.

You collected 88 gold pieces.

Inventory:

Hand Weapons
 a - a +1 hand axe (weapon)
Armour
 b - a +0 animal skin
 i - a +0 ring mail (worn)
 m - a +0 chain mail
 o - a +0 pair of boots (worn)
Wands
 r - a wand of fire (5)
Scrolls
 e - 3 scrolls of identify
 g - 2 scrolls of recharging
 l - a scroll of magic mapping {unknown}
 n - a scroll of fog
 p - a scroll of enchant armour {unknown}
 q - a scroll of remove curse
Potions
 f - a potion of might {unknown}
 j - a potion of haste {unknown}
 k - a potion of ambrosia {unknown}
 s - a potion of invisibility {unknown}
Comestibles
 c - 4 bread rations


   Skills:
 + Level 4.5 Fighting
 + Level 4.7 Axes
 + Level 2.9 Armour
 + Level 3.1 Dodging
 + Level 0.8 Stealth


You had 3 spell levels left.
You didn't know any spells.

Dungeon Overview and Level Annotations

Branches:
Dungeon (4/15)
 Temple: D:4-7

Altars:
Cheibriados
Ru
Trog
Yredelemnul


Innate Abilities, Weirdness & Mutations

You reflexively headbutt those who attack you in melee.
You have a pair of horns on your head.


Message History

The adder is severely wounded.
The adder barely misses you. You furiously retaliate!
You headbutt the adder!
You kill the adder!
Trog accepts your kill. The ogre hits you with a giant club!!
Ouch! That really hurt!
You hit the ogre.
The ogre is heavily wounded.
The ogre barely misses you.
You barely miss the ogre.
The ogre is heavily wounded.
The ogre hits you with a giant club!
* * * LOW HITPOINT WARNING * * *
Drink which item? (? for menu, Esc to quit)
Okay, then.
Read which item? (? for menu, Esc to quit)
As you read the scroll of teleportation, it crumbles to dust.
You feel strangely unstable. The ogre hits you with a giant club!
You die...

.........................########
.........................#.......
.................)....##.........
......................##.........
......................##.#.##.รท..
....<...........((....##.#.#.....
..)......................=.#..###
................(O.....#.#.......
#############...@....#.#.#.#.####
####.......#....(....#.#.#.......
...........+...((....#.#.#.#.###.
####.......#...(.....#.#.#.#.###.
...........#...(.###.............
####.......#.....# ###.#.#.#.####
####.......#.....# #.#.#.......
...#.......#.....# #.#.###.####
...#######.#.....# #.#........#


You could see an ogre.

Vanquished Creatures
  5 adders
  An ooze (D:3)
  2 worms (D:2)
  3 giant geckos
  2 ball pythons
  4 goblins
  4 hobgoblins
  8 jackals
  5 bats
  4 giant cockroaches
  4 giant newts
  6 kobolds
  7 rats
55 creatures vanquished.

Notes
Turn   | Place    | Note
--------------------------------------------------------------
     0 | D:1      | Mathinus the Minotaur Berserker began the quest for the Orb.
     0 | D:1      | Reached XP level 1. HP: 19/19 MP: 0/0
   320 | D:1      | Reached XP level 2. HP: 27/27 MP: 1/1
   520 | D:1      | Reached skill level 4 in Fighting
   862 | D:2      | Reached ** piety under Trog
   879 | D:2      | Reached XP level 3. HP: 30/33 MP: 2/2
   904 | D:2      | Found a bloodstained altar of Trog.
   923 | D:2      | Found a sacrificial altar of Ru.
  1173 | D:2      | Found a snail-covered altar of Cheibriados.
  1330 | D:3      | Reached XP level 4. HP: 41/41 MP: 3/3
  1370 | D:3      | Found a basalt altar of Yredelemnul.
  2141 | D:4      | Noticed an ogre
  2149 | D:3      | Slain by an ogre

Action                   |  1- 3 |  4- 6 || total
-------------------------+-------+-------++-------
Melee: Hand axe          |    69 |    34 ||   103
  Use: Scroll            |     9 |     2 ||    11
       Potion            |       |     1 ||     1
  Eat: Chunk             |     1 |     2 ||     3
